 Dungeon Sprint DCSS version 0.20.1-1-g8b1a95d (console) character file.

474704 hilaritas the Conqueror (level 19, 207/207 HPs)
             Began as a Hill Orc Fighter on Mar 11, 2018.
             Was the Champion of Qazlal.
             Escaped with the Orb!
             The game lasted 00:43:44 (3415 turns).

hilaritas the Conqueror (Hill Orc Fighter)          Turns: 3415, Time: 00:43:45

Health: 207/207    AC: 42    Str: 38      XL:     19   Next: 57%
Magic:  27/27      EV: 22    Int:  9 (11) God:    Qazlal [******]
Gold:   0          SH: 48    Dex: 12      Spells: 5/18 levels left

rFire    + . .     SeeInvis +   y - +14 obsidian axe {chop, +Fly SInv *Curse} (curse)
rCold    + + .     Gourm    .   A - +18 shield of the Gong {rElec rN+ MR+ EV-5}
rNeg     + + +     Faith    .   O - +9 gold dragon scales
rPois    +         Spirit   .   G - +2 helmet {Int+3}
rElec    +         Reflect  +   E - scarf of Kesiff {Regen+ Str+2}
rCorr    .         Harm     .   W - +0 pair of gloves {Str+3}
MR       +++++     NoTele   +   (no boots)
Stlth    ..........             U - amulet "Tyon" {Reflect rN+ Str+6 SH+2}
Regen    0.9/turn               c - ring "Esuene" {rC+ rN+ MR+ MP-9 Dex+6}
MPRegen  0.2/turn               R - ring "Hinaet" {MR++ EV+5 Dex-4}

@: studying Spellcasting, repel missiles
A: no striking features
0: Orb of Zot
a: Upheaval, Elemental Force, Disaster Area, Renounce Religion, Evoke Flight


You escaped.
You worshipped Qazlal.
Qazlal was exalted by your worship.
You were not hungry.

You visited 1 branch

Inventory:

Hand Weapons
 y - the cursed +14 obsidian axe (weapon) {chop, +Fly SInv *Curse}
   (You found it in the Dungeon)

   It inflicts extra damage upon your enemies.
   It lets you see invisible.
   It lets you fly.
   It curses itself when equipped.
   It has a curse placed upon it.
Missiles
 X - 361 arrows
Armour
 A - the +18 shield of the Gong (worn) {rElec rN+ MR+ EV-5}
   (You found it in the Dungeon)

   It affects your evasion (-5).
   It insulates you from electricity.
   It protects you from negative energy.
   It affects your resistance to hostile enchantments.
 E - the scarf of Kesiff (worn) {Regen+ Str+2}
   (You acquired it in the Dungeon)

   It affects your strength (+2).
   It increases your rate of regeneration.
 G - a +2 helmet of intelligence (worn)
 O - +9 gold dragon scales (worn)
 W - a +0 pair of gloves of strength (worn)
Jewellery
 a - the ring "Hiod" {rElec rF- rN+ MP+9 Str+4}
   (You found it in the Dungeon)

   [ring of magical power]

   It affects your strength (+4).
   It makes you vulnerable to fire.
   It insulates you from electricity.
   It protects you from negative energy.
   It affects your magic capacity (+9).
 c - the ring "Esuene" (left hand) {rC+ rN+ MR+ MP-9 Dex+6}
   (You found it in the Dungeon)

   [ring of positive energy]

   It affects your dexterity (+6).
   It protects you from cold.
   It protects you from negative energy.
   It affects your resistance to hostile enchantments.
   It affects your magic capacity (-9).
 B - an uncursed ring of protection from fire
 D - a +6 ring of dexterity
 F - a +6 ring of intelligence
 R - the ring "Hinaet" (right hand) {MR++ EV+5 Dex-4}
   (You found it in the Dungeon)

   [ring of evasion]

   It affects your evasion (+5).
   It affects your dexterity (-4).
   It affects your resistance to hostile enchantments.
 S - the ring "Yrethec" {rF+ MP+9 Int+4 Dex+2}
   (You found it in the Dungeon)

   [ring of protection from fire]

   It affects your intelligence (+4).
   It affects your dexterity (+2).
   It protects you from fire.
   It affects your magic capacity (+9).
 U - the amulet "Tyon" (around neck) {Reflect rN+ Str+6 SH+2}
   (You found it in the Dungeon)

   [amulet of reflection]

   It shields you and reflects attacks.
   It affects your strength (+6).
   It protects you from negative energy.
   It affects your SH (+2).
 Y - the ring "Hyifryaj" {rElec rN+ Stlth+}
   (You found it in the Dungeon)

   [ring of stealth]

   It insulates you from electricity.
   It protects you from negative energy.
   It makes you more stealthy.
Wands
 K - a wand of disintegration (7/24)
 L - a wand of iceblast (5/15)
 M - a wand of lightning (5/15)
 N - a wand of acid (5/15)
Scrolls
 k - 4 scrolls of blinking
 q - 4 scrolls of amnesia
 r - 4 scrolls of recharging
 s - 7 scrolls of fog
 t - 2 scrolls of holy word
 u - 5 scrolls of identify
 v - 5 scrolls of remove curse
 w - 2 scrolls of fear
Potions
 d - 7 potions of might
 e - 10 potions of curing
 g - 15 potions of heal wounds
 h - 17 potions of haste
 i - 7 potions of magic
 j - 3 potions of berserk rage
 l - 2 potions of brilliance
 m - 2 potions of invisibility
 n - 4 potions of resistance
 p - 5 potions of agility
Books
 b - a book of Minor Magic

   Spells                             Type                      Level
   a - Magic Dart                     Conjuration                  1
   b - Blink                          Translocation                2
   c - Call Imp                       Summoning                    2
   d - Slow                           Hexes                        2
   e - Conjure Flame                  Conjuration/Fire             3
   f - Mephitic Cloud                 Conjuration/Poison/Air       3
 H - a book of the Warp

   Spells                             Type                      Level
   a - Gell's Gravitas                Translocation                3
   b - Portal Projectile              Hexes/Translocation          3
   c - Force Lance                    Conjuration/Translocation    4
   d - Dispersal                      Translocation                6
   e - Controlled Blink               Translocation                8
   f - Disjunction                    Translocation                8
 I - a manual of Spellcasting
Miscellaneous
 o - a phial of floods
 C - a lamp of fire
 J - a lightning rod (4/4)
 P - 11 sacks of spiders
 Q - 7 boxes of beasts
 T - 3 phantom mirrors
 V - a fan of gales
Comestibles
 f - 4 bread rations
 x - 41 fruits
 z - 3 meat rations


   Skills:
 O Level 27 Fighting
 - Level 18.1 Axes
 O Level 27 Armour
 O Level 27 Dodging
 O Level 27 Shields
 O Level 27 Invocations
 * Level 22.1 Evocations


You had 5 spell levels left.
You knew the following spells:

 Your Spells              Type           Power        Failure   Level  Hunger
a - Blink                 Tloc           N/A          93%         2    ###....
b - Apportation           Tloc           #.....       83%         1    ##.....
c - Sticks to Snakes      Tmut           #.......     93%         2    ###....
d - Portal Projectile     Hex/Tloc       #.....       99%         3    ####...
e - Summon Butterflies    Summ           #.......     83%         1    ##.....
f - Summon Ice Beast      Ice/Summ       #.......     100%        4    #####..


Dungeon Overview and Level Annotations

Branches:
Dungeon (1/1)

Altars:
Ashenzari
Cheibriados
Dithmenos
Elyvilon
Fedhas
Gozag
Hepliaklqana
Kikubaaqudgha
Makhleb
Nemelex Xobeh
Okawaru
Qazlal
Ru
Sif Muna
Trog
Uskayaw
Vehumet
Xom
Yredelemnul
Zin
The Shining One
Beogh
Jiyva
Lugonu


Message History

Partly explored, unvisited transporter.
Unknown command.
You see here a +2 hand crossbow of freezing.
Things that are here:
a +1 hand crossbow of flaming; a +2 robe You see here a +4 flail of crushing.
You see here an uncursed amulet of regeneration.
You see here a book of Frost.
There is a transporter here.
An exit appears before you!
You enter the transporter and appear at another place.
Found the Orb of Zot.
Found a staircase leading out of the dungeon.
Unknown command.
You see here the Orb of Zot.
You pick up the Orb of Zot!
The Orb lets out a hideous shriek!
The lords of Pandemonium are not amused.
Beware!
Now all you have to do is get back out of the dungeon!
There is a staircase leading out of the dungeon here.
You have escaped!

.}..=):.....▓.............▓.....|
))))).)(....▓.............▓▓▓▓▓▓▓
.|))).......▓..▓.......▓..▓...8©8
.()).)()....▓.▓▓▓.....▓▓▓.▓..:[".
...()|.(....▓..▓.......▓..▓..[..}
..)).(((....▓.............▓......
....(.......▓.....≈.......▓......
............▓▓▓▓▓▓▓▓▓▓▓▓▓▓▓......
▓.......▓...▓8888888888888▓......
.▓.....▓.▓..▓8....§......8▓..▓)).
▓..(....▓...▓8§.@........8▓...)))
............▓8..§........8▓....))
............▓8888888888888▓▓▓▓▓▓▓
▓▓▓▓▓▓▓▓▓▓▓▓▓▓▓▓▓▓▓▓▓▓▓▓▓▓▓▓▓▓▓▓▓
.....8©8........▓........8©8.).[.
}[):[)..[:)}[|).▓..)}|).)).....)[
[.))[:.}[[)}|)).▓[[."..)[|...)).|
.|:....).)))....▓..=.[...=.[=....
.)...[...†.)....▓.....[......"...
†...............▓.........)......
..)..)".=.......▓................


There were no monsters in sight!

Vanquished Creatures
  An ancient lich (D)
  An orb of fire (D)
  2 juggernauts (shapeshifter) (D)
  5 pandemonium lords (D)
  2 shard shrikes (D)
  An Ice Fiend (D)
  A titan (shapeshifter) (D)
  2 deep elf master archers (D)
  6 deep elf blademasters (D)
  An eldritch tentacle (D)
  An acid blob (shapeshifter) (D)
  A shadow dragon (D)
  Polyphemus (D)
  2 thorn hunters (D)
  Roxanne (D)
  A frost giant (shapeshifter) (D)
  9 fire giants (D)
  A draconian scorcher (D)
  A deep elf sorcerer (D)
  An iron dragon (shapeshifter) (D)
  5 balrugs (D)
  A draconian stormcaller (D)
  7 spriggan defenders (D)
  A reaper (D)
  A stone giant (D)
  2 entropy weavers (D)
  An apis (D)
  4 vampire knights (D)
  A white draconian (D)
  2 black draconians (D)
  A dire elephant (D)
  A green draconian (D)
  2 red draconians (D)
  2 spark wasps (D)
  2 yellow draconians (D)
  4 purple draconians (D)
  Snorg (D)
  3 deep elf annihilators (D)
  2 blizzard demons (D)
  6 merfolk javelineers (D)
  A minotaur (shapeshifter) (D)
  5 fire dragons (D)
  6 mummy priests (D)
  2 yaktaur captains (D)
  3 deep elf high priests (D)
  6 ice dragons (D)
  A catoblepas (shapeshifter) (D)
  9 spriggan air magi (D)
  An anaconda (D)
  An anaconda (shapeshifter) (D)
  A two-headed ogre (shapeshifter) (D)
  An alligator (shapeshifter) (D)
  2 centaur warriors (D)
  7 dancing weapons (D)
  8 hell hogs (D)
  A death scarab (D)
  2 shock serpents (shapeshifter) (D)
  A spriggan berserker (D)
  2 deep elf knights (D)
  A fire crab (shapeshifter) (D)
  7 soul eaters (D)
  A spriggan (D)
  Nergalle (D)
  A sun demon (D)
  6 skeletal warriors (D)
  A shadow wraith (D)
  A spriggan druid (D)
  2 large abominations (D)
  2 deep elf archers (D)
  A flayed ghost (D)
  A swamp dragon (shapeshifter) (D)
  9 deep elf magi (D)
  Pikel (D)
  A lindwurm (shapeshifter) (D)
  A shambling mangrove (D)
  2 necromancers (D)
  2 orb spiders (D)
  A wolf spider (D)
  2 cyclopes (D)
  2 cyclopes (shapeshifter) (D)
  A shining eye (shapeshifter) (D)
  An oklob plant (D)
  A manticore (shapeshifter) (D)
  2 salamanders (shapeshifter) (D)
  5 rust devils (D)
  An eye of devastation (shapeshifter) (D)
  A naga mage (D)
  Maurice (D)
  A smoke demon (D)
  A black mamba (D)
  A black mamba (shapeshifter) (D)
  A torpor snail (shapeshifter) (D)
  Psyche (D)
  A rime drake (shapeshifter) (D)
  A hellion (D)
  6 freezing wraiths (D)
  7 efreet (D)
  2 demonic crawlers (D)
  23 guardian mummies (D)
  2 tormentors (D)
  A yaktaur (D)
  2 merfolk (shapeshifter) (D)
  8 merfolk (D)
  6 jumping spiders (D)
  5 ice devils (D)
  A wind drake (shapeshifter) (D)
  A polar bear (shapeshifter) (D)
  A queen bee (shapeshifter) (D)
  4 hornets (D)
  2 wind drakes (D)
  A slime creature (shapeshifter) (D)
  A hornet (shapeshifter) (D)
  3 hippogriffs (D)
  A blink frog (shapeshifter) (D)
  A dream sheep (shapeshifter) (D)
  A hippogriff (shapeshifter) (D)
  Sigmund (D)
  4 flying skulls (D)
  3 shadows (D)
  2 redbacks (D)
  A wraith (D)
  3 tarantellas (D)
  An air elemental (D)
  A redback (shapeshifter) (D)
  An ushabti (D)
  4 vampires (D)
  2 water elementals (D)
  3 yaks (D)
  3 golden eyes (D)
  3 fire elementals (D)
  A neqoxec (D)
  Grum (D)
  A basilisk (shapeshifter) (D)
  A warg (shapeshifter) (D)
  Edmund (D)
  9 hell hounds (D)
  2 porcupines (D)
  An ice beast (shapeshifter) (D)
  2 ice beasts (D)
  A black bear (shapeshifter) (D)
  2 necrophages (D)
  3 wolves (D)
  6 centaurs (D)
  A small abomination (D)
  6 wights (D)
  3 crimson imps (D)
  A quasit (D)
  4 iron imps (D)
  23 mummies (D)
  An adder (D)
  A river rat (D)
  5 shadow imps (D)
  11 white imps (D)
  5 ufetubi (D)
  An ooze (D)
  A spectral adder (D)
  6 adder skeletons (D)
  8 adder zombies (D)
  3 spectral bats (D)
  2 ball pythons (D)
  9 bat skeletons (D)
  6 bat zombies (D)
  A jackal (D)
  A bat simulacrum (D)
  A giant cockroach simulacrum (D)
  12 giant cockroach zombies (D)
  5 jackal skeletons (D)
  2 jackal zombies (D)
  2 leopard gecko skeletons (D)
  A leopard gecko zombie (D)
  A quokka zombie (D)
  A spectral giant cockroach (D)
  A spectral leopard gecko (D)
  2 butterflies (D)
  8 fire vortices (D)
493 creatures vanquished.

Vanquished Creatures (collateral kills)
  A shard shrike (shapeshifter) (D)
  An acid blob (shapeshifter) (D)
  Frances (D)
  A deep elf sorcerer (D)
  2 stone giants (D)
  A mummy priest (D)
  Erolcha (D)
  A death scarab (D)
  A wolf spider (D)
  A guardian mummy (D)
  An ice devil (D)
  A polar bear (shapeshifter) (D)
  2 merfolk (D)
  A hornet (D)
  A hippogriff (D)
  A shadow (D)
  A vampire (D)
  A golden eye (shapeshifter) (D)
  A naga (D)
  An eye of draining (shapeshifter) (D)
  3 wights (D)
  A mummy (D)
  An ufetubus (D)
  A bat skeleton (D)
28 creatures vanquished.

Vanquished Creatures (others)
  2 deep elf master archers (D)
  A stone giant (D)
  3 centaur warriors (D)
  2 yaktaurs (D)
  A hellwing (D)
  2 bat zombies (D)
11 creatures vanquished.

Grand Total: 532 creatures vanquished

Notes
Turn   | Place    | Note
-------+----------+-------------------------------------------
     0 | D        | hilaritas the Hill Orc Fighter began the quest for the Orb.
     0 | D        | Reached XP level 1. HP: 19/19 MP: 1/1
     0 | D        | Found a deep blue altar of Sif Muna.
     0 | D        | Found a sacrificial altar of Ru.
     0 | D        | Found a bloodstained altar of Trog.
     0 | D        | Found a stormy altar of Qazlal.
     0 | D        | Found an iron altar of Okawaru.
     0 | D        | Found a sparkling altar of Nemelex Xobeh.
     0 | D        | Found a blossoming altar of Fedhas.
     2 | D        | Found a transporter.
     2 | D        | Found an ancient bone altar of Kikubaaqudgha.
     2 | D        | Found a viscous altar of Jiyva.
     2 | D        | Found a corrupted altar of Lugonu.
     2 | D        | Found a hazy altar of Hepliaklqana.
     2 | D        | Found a burning altar of Makhleb.
     2 | D        | Found an opulent altar of Gozag.
    17 | D        | Became a worshipper of Qazlal Stormbringer
    79 | D        | Reached XP level 2. HP: 26/26 MP: 2/2
    91 | D        | Entered arena 2.
    91 | D        | Noticed a guardian mummy
    91 | D        | Found a transporter.
    97 | D        | Killed a guardian mummy
    97 | D        | Reached XP level 3. HP: 37/37 MP: 2/6
    97 | D        | Reached XP level 4. HP: 44/44 MP: 2/7
    97 | D        | Reached XP level 5. HP: 50/50 MP: 2/8
   105 | D        | Learned a level 2 spell: Blink
   153 | D        | Entered arena 3.
   153 | D        | Noticed a merfolk
   153 | D        | Noticed a merfolk
   153 | D        | Noticed a merfolk
   153 | D        | Found a transporter.
   159 | D        | Killed a merfolk
   159 | D        | Reached * piety under Qazlal
   159 | D        | Reached XP level 6. HP: 39/61 MP: 8/11
   163 | D        | Killed a merfolk
   163 | D        | Reached skill level 10 in Shields
   163 | D        | Reached XP level 7. HP: 32/68 MP: 8/12
   166 | D        | Killed a merfolk
   166 | D        | Reached ** piety under Qazlal
   166 | D        | Reached skill level 10 in Axes
   334 | D        | Entered arena 4.
   334 | D        | Found a transporter.
   339 | D        | Reached *** piety under Qazlal
   345 | D        | Got the ring "Esuene" {rC+ rN+ MR+ MP-9 Dex+6}
   362 | D        | Entered arena 5.
   362 | D        | Noticed a golden eye
   362 | D        | Noticed a golden eye
   362 | D        | Noticed a golden eye
   362 | D        | Found a transporter.
   370 | D        | Killed a golden eye
   372 | D        | Killed a golden eye
   372 | D        | Reached XP level 8. HP: 78/78 MP: 13/15
   374 | D        | Reached **** piety under Qazlal
   388 | D        | Entered arena 6.
   388 | D        | Noticed a merfolk
   388 | D        | Noticed a merfolk
   388 | D        | Noticed a merfolk
   388 | D        | Noticed a merfolk
   388 | D        | Noticed a merfolk
   388 | D        | Found a transporter.
   394 | D        | Killed a merfolk
   394 | D        | Reached skill level 10 in Fighting
   394 | D        | Reached skill level 10 in Invocations
   395 | D        | Killed a merfolk
   396 | D        | Killed a merfolk
   396 | D        | Reached XP level 9. HP: 49/85 MP: 15/17
   397 | D        | Killed a merfolk
   397 | D        | Reached ***** piety under Qazlal
   399 | D        | Killed a merfolk
   410 | D        | Identified the Tome of Black Secrets and Curses (You found it in the Dungeon)
   545 | D        | Entered arena 7.
   553 | D        | Found a transporter.
   563 | D        | Learned a level 1 spell: Apportation
   564 | D        | Got the ring "Hinaet" {MR++ EV+5 Dex-4}
   568 | D        | Got the +0 pair of boots of Thoughtfulness {rC+++ MR- rCorr Str-4}
   574 | D        | Entered arena 8.
   574 | D        | Noticed a naga mage
   574 | D        | Noticed a black mamba
   575 | D        | Found a transporter.
   578 | D        | Killed a black mamba
   578 | D        | Reached skill level 10 in Armour
   578 | D        | Reached skill level 1 in Dodging
   578 | D        | Reached ****** piety under Qazlal
   582 | D        | Killed a naga mage
   598 | D        | Entered arena 9.
   598 | D        | Noticed a merfolk
   598 | D        | Noticed a merfolk
   599 | D        | Found a transporter.
   601 | D        | Reached XP level 10. HP: 93/93 MP: 18/20
   604 | D        | Reached skill level 15 in Shields
   608 | D        | Reached skill level 5 in Dodging
   621 | D        | Identified the Collected Works on the Poisonous Frostbite (You found it in the Dungeon)
   629 | D        | Learned a level 2 spell: Sticks to Snakes
   657 | D        | Entered arena 10.
   658 | D        | Found a transporter.
   673 | D        | Got the ring "Hyifryaj" {rElec rN+ Stlth+}
   722 | D        | Entered arena 11.
   725 | D        | Found a transporter.
   752 | D        | Learned a level 3 spell: Portal Projectile
   771 | D        | Entered arena 12.
   771 | D        | Noticed a necromancer
   771 | D        | Noticed a skeletal warrior
   772 | D        | Noticed a skeletal warrior
   773 | D        | Noticed a vampire knight
   773 | D        | Found a transporter.
   779 | D        | Killed a skeletal warrior
   781 | D        | Killed a vampire knight
   781 | D        | Reached skill level 15 in Axes
   781 | D        | Reached XP level 11. HP: 76/102 MP: 21/21
   782 | D        | Killed a skeletal warrior
   785 | D        | Killed a necromancer
   804 | D        | Got the ring "Plog" {rN+ Str+3}
   875 | D        | Entered arena 13.
   875 | D        | Noticed a vampire knight
   875 | D        | Noticed an ancient lich
   876 | D        | Noticed a skeletal warrior
   876 | D        | Noticed a skeletal warrior
   877 | D        | Noticed a necromancer
   877 | D        | Noticed a vampire knight
   879 | D        | Killed a vampire knight
   886 | D        | Killed a vampire knight
   891 | D        | Killed an ancient lich
   891 | D        | Reached XP level 12. HP: 128/128 MP: 22/22
   898 | D        | Found a transporter.
   911 | D        | Identified the Disquisition on Supportive Venom (You found it in the Dungeon)
   913 | D        | Learned a level 1 spell: Summon Butterflies
   915 | D        | Got the amulet "Kythiol" {Gourm Str+3 Int+3}
   929 | D        | Entered arena 14.
   930 | D        | Noticed Erolcha
   930 | D        | Noticed Nergalle
   930 | D        | Noticed Polyphemus
   930 | D        | Noticed Psyche
   930 | D        | Noticed Sigmund
   931 | D        | Noticed Frances
   931 | D        | Noticed Grum
   931 | D        | Noticed Edmund
   931 | D        | Noticed Maurice
   931 | D        | Noticed Pikel
   931 | D        | Noticed Roxanne
   931 | D        | Noticed Snorg
   932 | D        | Found a transporter.
   933 | D        | Killed Psyche
   933 | D        | Killed Pikel
   933 | D        | Killed Grum
   933 | D        | Killed Edmund
   933 | D        | Killed Sigmund
   933 | D        | Killed Snorg
   934 | D        | Killed Erolcha
   938 | D        | Killed Frances
   939 | D        | Killed Polyphemus
   939 | D        | Reached XP level 13. HP: 125/145 MP: 15/23
   941 | D        | Killed Nergalle
   948 | D        | Killed Maurice
   969 | D        | Killed Roxanne
  1002 | D        | Entered arena 15.
  1003 | D        | Noticed a blizzard demon
  1003 | D        | Noticed Fucosoll the pandemonium lord
  1003 | D        | Noticed Saapuck the pandemonium lord
  1003 | D        | Noticed Irabopuoth the pandemonium lord
  1003 | D        | Noticed Cejoso the pandemonium lord
  1003 | D        | Noticed Antimet the pandemonium lord
  1005 | D        | Killed Saapuck the pandemonium lord
  1005 | D        | Killed a blizzard demon
  1015 | D        | Killed Antimet the pandemonium lord
  1015 | D        | Reached skill level 27 in Fighting
  1016 | D        | Killed Irabopuoth the pandemonium lord
  1016 | D        | Reached XP level 14. HP: 101/168 MP: 17/24
  1021 | D        | Killed Cejoso the pandemonium lord
  1021 | D        | Reached skill level 10 in Dodging
  1021 | D        | Reached skill level 15 in Invocations
  1022 | D        | Found a transporter.
  1023 | D        | Killed Fucosoll the pandemonium lord
  1042 | D        | Got the amulet "Tyon" {Reflect rN+ Str+6 SH+2}
  1328 | D        | Entered arena 16.
  1329 | D        | Noticed a purple draconian
  1329 | D        | Noticed a white draconian
  1329 | D        | Noticed a purple draconian scorcher
  1329 | D        | Noticed a black draconian
  1329 | D        | Noticed a yellow draconian
  1329 | D        | Noticed a black draconian stormcaller
  1329 | D        | Noticed a red draconian
  1329 | D        | Noticed a green draconian
  1329 | D        | Noticed a red draconian
  1330 | D        | Noticed a purple draconian
  1330 | D        | Noticed a purple draconian
  1330 | D        | Noticed a purple draconian
  1330 | D        | Noticed a black draconian
  1330 | D        | Noticed a yellow draconian
  1331 | D        | Found a transporter.
  1332 | D        | Killed a red draconian
  1332 | D        | Killed a yellow draconian
  1332 | D        | Killed a purple draconian
  1332 | D        | Killed a black draconian
  1332 | D        | Killed a black draconian
  1332 | D        | Killed a purple draconian
  1332 | D        | Killed a red draconian
  1332 | D        | Killed a purple draconian scorcher
  1332 | D        | Reached XP level 15. HP: 103/174 MP: 16/27
  1336 | D        | Killed a black draconian stormcaller
  1346 | D        | Got the amulet of Dutoomoa {Reflect rPois rC+ SH+4}
  1376 | D        | Learned a level 4 spell: Summon Ice Beast
  1386 | D        | Identified the Almanac of the Compass (You found it in the Dungeon)
  1577 | D        | Entered arena 17.
  1584 | D        | Found a transporter.
  1607 | D        | Got a spiked scarf
  1613 | D        | Identified the scarf of Kesiff {Regen+ Str+2} (You acquired it in the Dungeon)
  1627 | D        | Entered arena 18.
  1664 | D        | Found a transporter.
  1687 | D        | Identified the Collected Works on Venom (You found it in the Dungeon)
  1695 | D        | Entered arena 19.
  1698 | D        | Noticed a shadow dragon
  1699 | D        | Killed a shadow dragon
  1706 | D        | Found a transporter.
  1752 | D        | Entered arena 20.
  1777 | D        | Found a transporter.
  1791 | D        | Identified A Beginning Course on Thaumaturgy (You found it in the Dungeon)
  1845 | D        | Entered arena 21.
  1854 | D        | Found a transporter.
  1869 | D        | Identified the Guide on Snow and Dislocation (You found it in the Dungeon)
  1871 | D        | Identified Sif Muna's Disquisition on Battle Magic and Benedictions (You found it in the Dungeon)
  1962 | D        | Entered arena 22.
  1966 | D        | Noticed a deep elf master archer
  1966 | D        | Noticed a deep elf master archer
  1968 | D        | Noticed a deep elf master archer
  1969 | D        | Reached skill level 15 in Dodging
  1969 | D        | Reached XP level 16. HP: 157/183 MP: 21/30
  1970 | D        | Found a transporter.
  1973 | D        | Killed a deep elf master archer
  1977 | D        | Killed a deep elf master archer
  1981 | D        | Killed a deep elf master archer
  2164 | D        | Entered arena 23.
  2170 | D        | Noticed a thorn hunter
  2171 | D        | Noticed a thorn hunter
  2173 | D        | Killed a thorn hunter
  2173 | D        | Reached skill level 27 in Invocations
  2173 | D        | Reached XP level 17. HP: 131/191 MP: 16/34
  2175 | D        | Found a transporter.
  2282 | D        | Identified Xuew's Incunabulum of Assistive Changing (You found it in the Dungeon)
  2295 | D        | Entered arena 24.
  2300 | D        | Noticed a deep elf blademaster
  2300 | D        | Noticed a deep elf blademaster
  2300 | D        | Noticed a deep elf master archer
  2301 | D        | Noticed a deep elf blademaster
  2302 | D        | Noticed a deep elf blademaster
  2303 | D        | Noticed a deep elf blademaster
  2303 | D        | Killed a deep elf master archer
  2303 | D        | Killed a deep elf blademaster
  2303 | D        | Reached skill level 27 in Armour
  2303 | D        | Killed a deep elf blademaster
  2303 | D        | Killed a deep elf blademaster
  2303 | D        | Killed a deep elf blademaster
  2305 | D        | Reached skill level 1 in Evocations
  2308 | D        | Killed a deep elf blademaster
  2313 | D        | Killed a deep elf blademaster
  2314 | D        | Found a transporter.
  2322 | D        | Reached skill level 5 in Evocations
  2414 | D        | Got the ring "Uroskimu" {rF+ Int+4 Stlth-}
  2454 | D        | Got the amulet of Fiwaet {+Blink Regen+ Str+6 Int+6}
  2472 | D        | Identified Niuhisos's Disquisition on Lightness and Clay (You found it in the Dungeon)
  2504 | D        | Entered arena 25.
  2512 | D        | Noticed a juggernaut
  2513 | D        | Noticed a titan
  2513 | D        | Killed a juggernaut
  2513 | D        | Reached XP level 18. HP: 200/200 MP: 26/35
  2513 | D        | Killed a titan
  2514 | D        | Noticed a juggernaut
  2514 | D        | Noticed an iron giant
  2515 | D        | Noticed a shard shrike
  2515 | D        | Noticed a titan
  2515 | D        | Noticed a shard shrike
  2515 | D        | a titan changed into an iron troll
  2518 | D        | Noticed a juggernaut
  2519 | D        | a shard shrike changed into an acid blob
  2519 | D        | Noticed a quicksilver dragon
  2519 | D        | an iron troll changed into a quicksilver dragon
  2520 | D        | Killed a shard shrike
  2520 | D        | Reached skill level 10 in Evocations
  2521 | D        | Noticed a shard shrike
  2521 | D        | a juggernaut changed into a shard shrike
  2523 | D        | Killed a juggernaut
  2523 | D        | a quicksilver dragon changed into an azure jelly
  2523 | D        | Noticed a titan
  2523 | D        | a shard shrike changed into a titan
  2524 | D        | Found a transporter.
  2525 | D        | Noticed a juggernaut
  2525 | D        | a titan changed into a juggernaut
  2527 | D        | Noticed a caustic shrike
  2527 | D        | a juggernaut changed into a caustic shrike
  2527 | D        | an iron giant changed into an acid blob
  2529 | D        | Noticed a quicksilver dragon
  2529 | D        | an azure jelly changed into a quicksilver dragon
  2532 | D        | a quicksilver dragon changed into an iron troll
  2534 | D        | a caustic shrike changed into a ghost moth
  2537 | D        | Noticed a golden dragon
  2537 | D        | a shadow dragon changed into a golden dragon
  2541 | D        | a golden dragon changed into an iron dragon
  2706 | D        | Got the ring "Yrethec" {rF+ MP+9 Int+4 Dex+2}
  2749 | D        | Entered arena 26.
  2767 | D        | Noticed an orb of fire
  2769 | D        | Reached skill level 27 in Shields
  2769 | D        | Reached skill level 15 in Evocations
  2769 | D        | Killed an orb of fire
  2769 | D        | Reached XP level 19. HP: 149/207 MP: 27/36
  2858 | D        | Found a transporter.
  2864 | D        | Got the amulet of Wariness {Reflect *Drain rPois Str+5 Int+3 SH+4}
  2954 | D        | Entered arena 27.
  2963 | D        | Noticed a shard shrike
  2964 | D        | Noticed a shard shrike
  2964 | D        | Noticed an Ice Fiend
  2966 | D        | Killed an Ice Fiend
  2966 | D        | Killed a shard shrike
  2967 | D        | Killed a shard shrike
  2970 | D        | Found a transporter.
  3027 | D        | Got the ring of Nymy {MR+ Dex+3}
  3066 | D        | Got the ring "Hiod" {rElec rF- rN+ MP+9 Str+4}
  3069 | D        | Got the ring "Teufu" {+Inv rF++ MR- Str+3 Stlth+}
  3077 | D        | Got the ring "Zytsasemp" {Fire Int+4}
  3122 | D        | Entered arena 28.
  3144 | D        | Reached skill level 27 in Dodging
  3316 | D        | Found a transporter.
  3325 | D        | Got the ring of the Coward {MR+ MP+9 Dex+3 SInv Stlth-}
  3410 | D        | Got the Orb of Zot
  3415 | D        | Escaped with the Orb!

Skill      XL: |  1  2  3  4  5  6  7  8  9 10 11 12 13 14 15 16 17 18 19 |
---------------+----------------------------------------------------------+-----
Armour         | 6 7 8 10 11 12 16 19 22 25 27 | 27.0
Shields        | 6 8 9 10 11 12 14 15 20 23 27 | 27.0
Fighting       | 6 7 8 9 10 11 18 22 27 | 27.0
Axes           | 6 9 10 15 18 | 18.1
Invocations    | 4 7 9 11 13 16 20 27 | 27.0
Dodging        | 2 7 12 15 17 22 24 27 | 27.0
Evocations     | 9 17 22 | 22.1

Action                   |  1- 3 |  4- 6 |  7- 9 | 10-12 | 13-15 | 16-18 | 19-21 || total
-------------------------+-------+-------+-------+-------+-------+-------+-------++-------
Melee: Broad axe         |     6 |     6 |    36 |    54 |    74 |    65 |    22 ||   263
Invok: Disaster Area     |       |       |       |     1 |     6 |     4 |     3 ||    14
       Elemental Force   |       |       |       |       |     1 |     3 |     1 ||     5
 Abil: Evoke Flight      |       |       |       |       |       |       |     1 ||     1
  Use: Potion            |     1 |       |       |       |     1 |     3 |     6 ||    11
       Scroll            |       |       |       |     1 |     3 |     1 |     5 ||    10
 Stab: Distracted        |       |       |       |     1 |       |     3 |       ||     4
  Eat: Chunk             |       |       |       |       |     1 |       |       ||     1
       Meat ration       |       |       |       |       |     1 |       |       ||     1
       Fruit             |       |       |       |       |     1 |       |       ||     1
       Bread ration      |       |       |       |       |       |       |     1 ||     1
Armor: Gold dragon scale |     2 |       |     8 |    15 |    21 |    13 |     1 ||    60
Dodge: Dodged            |       |       |     1 |    12 |    18 |    14 |     2 ||    47
       Deflected         |       |       |     1 |     1 |     3 |     3 |     1 ||     9
Block: Shield            |     8 |    20 |    53 |   118 |   141 |    91 |    25 ||   456
       Reflection        |       |       |       |       |    14 |    27 |       ||    41
